 Dungeon Crawl Stone Soup version 0.32-a0-20-ge526923d97 (webtiles) character file.

Game seed: 11653256175976292189

223974 jasper the Spry (level 17, -18/154 HPs)
             Began as a Demigod Brigand on Jan 17, 2024.
             Demolished by a vault warden
             ... wielding a +3 great sword of electrocution
              (19 damage)
             ... on level 1 of the Vaults.
             The game lasted 00:59:32 (54103 turns).

jasper the Spry (Demigod Brigand)                  Turns: 54103, Time: 00:59:32

Health: -18/154    AC: 21    Str: 12    XL:     17   Next: 52%
Magic:  6/29       EV: 27    Int: 16    God:
Gold:   330        SH: 23    Dex: 35    Spells: 11/16 levels left

rFire   . . .        g - +5 demon blade "Grim Tooth" {vamp, MP+9}
rCold   . . .        S - +0 kite shield {AC+3}
rNeg    . . .        t - +4 ring mail
rPois   +            n - +0 helmet
rElec   .            c - +1 cloak
rCorr   .            E - +3 Mad Mage's Maulers {Infuse+∞ VampMP -Cast}
SInv    +            q - +1 pair of boots of the Snail {Int+3 SInv}
Will    +....        r - amulet of reflection
Stlth   +++          N - +4 ring of slaying
HPRegen 0.45/turn    Z - ring of poison resistance
MPRegen 0.21/turn

%: no spellcasting, reflection, infuse magic (6 MP)
@: studying Dodging
A: high MP 1, forlorn, divine attributes
}: 2/15 runes: decaying, serpentine
a: no special abilities


You were on level 1 of the Vaults.
You visited 7 branches of the dungeon, and saw 32 of its levels.

You collected 4245 gold pieces.
You spent 3915 gold pieces at shops.

Inventory:

Hand Weapons
 g - the +5 demon blade "Grim Tooth" (weapon) {vamp, MP+9}
   (You bought it in a shop on level 1 of the Orcish Mines)

   MP+9:      It affects your magic capacity (+9).
 v - a +3 double sword of protection
 C - a +1 rapier of electrocution
Missiles
 d - 37 poisoned darts (quivered)
 e - 5 curare-tipped darts
 y - a throwing net
 P - 9 silver javelins
 Q - 18 boomerangs
 U - 9 darts of dispersal
Armour
 c - a +1 cloak (worn)
 n - a +0 helmet (worn)
 q - the +1 pair of boots of the Snail (worn) {Int+3 SInv}
   (You found it on level 15 of the Dungeon)

   Int+3:     It affects your intelligence (+3).
   SInv:      It lets you see invisible.
 t - a +4 ring mail (worn)
 E - the +3 Mad Mage's Maulers (worn) {Infuse+∞ VampMP -Cast}
   (You acquired it on level 8 of the Dungeon)

   Infuse+∞: It empowers its wearer's blows with all of their magic.
   VampMP:    Blows struck in melee replenish the wearer's magic.
   -Cast:     It prevents spellcasting.
 H - +0 fire dragon scales
 S - a +0 kite shield of protection (worn)
Jewellery
 f - a ring of protection from fire
 k - a ring of protection from cold
 r - an amulet of reflection (around neck)
 z - a ring of positive energy
 N - a +4 ring of slaying (left hand)
 Z - a ring of poison resistance (right hand)
Wands
 a - a wand of roots (27)
 i - a wand of mindburst (17)
 j - a wand of polymorph (17)
 p - a wand of acid (15)
 w - a wand of flame (14)
 B - a wand of paralysis (37)
Scrolls
 l - 3 scrolls of enchant armour
 s - 2 scrolls of fear
 A - 4 scrolls of immolation
 D - 11 scrolls of teleportation
 F - 12 scrolls of identify
 K - a scroll of blinking
 L - 4 scrolls of poison
 M - a scroll of summoning
 T - 5 scrolls of fog
 X - 4 scrolls of revelation
Potions
 h - 5 potions of mutation
 o - a potion of resistance
 u - 3 potions of haste
 x - 4 potions of lignification
 G - a potion of cancellation
 I - a potion of ambrosia
 J - 4 potions of curing
 O - 6 potions of invisibility
 R - 6 potions of enlightenment
 V - 7 potions of might
 W - a potion of heal wounds
Miscellaneous
 b - a sack of spiders
 m - a phantom mirror
 Y - a lightning rod (4/4)


   Skills:
 + Level 14.5 Fighting
 - Level 1.7(9.2) Short Blades
 - Level 13.9(14.0) Long Blades
 - Level 1.7 Throwing
 * Level 16.1 Dodging
 - Level 4.6 Stealth
 - Level 16.0 Shields
 + Level 10.4 Evocations


You had 11 spell levels left.
You knew the following spells:

 Your Spells              Type           Power      Damage    Failure   Level
a - Blink                 Tloc           0%         N/A       85%         2
b - Swiftness             Air            0%         N/A       97%         3

Your spell library contained the following spells:

 Spells                   Type           Power      Damage    Failure   Level
 Kiss of Death            Conj/Necr      0%         2d5       71%         1
 Magic Dart               Conj           0%         1d3       71%         1
 Sandblast                Erth           0%         2d4       71%         1
 Call Imp                 Summ           0%         N/A       85%         2
 Ensorcelled Hibernation  Hex/Ice        0%         N/A       85%         2
 Searing Ray              Conj           0%         2d4       85%         2
 Static Discharge         Conj/Air       0%         3-3/arc   85%         2
 Call Canine Familiar     Summ           0%         N/A       97%         3
 Confusing Touch          Hex            0%         N/A       97%         3
 Passwall                 Erth           0%         N/A       97%         3
 Sigil of Binding         Hex            0%         N/A       97%         3
 Stone Arrow              Conj/Erth      0%         3d7       97%         3
 Airstrike                Air            0%         2d(0-16)  100%        4
 Animate Dead             Necr           0%         N/A       100%        4
 Brom's Barrelling Bould  Conj/Erth      0%         2d3       100%        4
 Dimensional Bullseye     Hex/Tloc       0%         N/A       100%        4
 Dispel Undead            Necr           0%         3d6       100%        4
 Fulminant Prism          Conj/Alch      0%         3d5       100%        4
 Summon Lightning Spire   Summ/Air       0%         N/A       100%        4
 Borgnjor's Vile Clutch   Necr/Erth      0%         N/A       100%        5
 Fireball                 Conj/Fire      0%         3d3       100%        5
 Iskenderun's Battlesphe  Conj           0%         2d6       100%        5
 Summon Forest            Summ/Tloc      0%         N/A       100%        5
 Summon Mana Viper        Hex/Summ       0%         N/A       100%        5
 Conjure Ball Lightning   Conj/Air       0%         3x3d6     100%        6
 Death Channel            Necr           0%         N/A       100%        6
 Sculpt Simulacrum        Ice/Alch       0%         N/A       100%        6
 Summon Cactus Giant      Summ           0%         N/A       100%        6
 Orb of Destruction       Conj           0%         9d5       100%        7
 Ozocubu's Refrigeration  Ice            0%         4d7       100%        7
 Polar Vortex             Ice            0%         N/A       100%        9


Dungeon Overview and Level Annotations

Branches:
Dungeon (15/15)            Temple (0/1) D:4            Lair (5/5) D:11
  Swamp (4/4) Lair:2        Snake (4/4) Lair:2        Slime (0/5) Lair:5
    Orc (2/2) D:9             Elf (1/3) Orc:2        Vaults (1/5) D:14
 Depths (0/4) D:15

Shops:
D:6 *[   D:11 (   Orc:1 *   Orc:2 *!!*   Snake:1 (   Snake:4 :

Annotations:
D:6 Duvessa
D:12 exclusion: ice statue
D:14 6 runed translucent doors
Lair:5 exclusion: oklob plant
Swamp:3 3 runed translucent doors, Lobster4's ghost, adept HuAr; jestert79's ghost, adept DrHs


Innate Abilities, Weirdness & Mutations

You have an increased reservoir of magic. (+10% MP)
You shall have no god before yourself.
Your divine heritage dramatically boosts your attributes as you level up.


Message History

You chop the yaktaur into pieces!!!
You feel better.
You kill the yaktaur!
The lindwurm breathes flames at you. The blast of flame hits you!!
The deep troll bites you but does no damage.
You block the deep troll's attack. x2; You block the lindwurm's attack.
The lindwurm misses you. The lindwurm completely misses you.
The yaktaur captain shoots a bolt.
The bolt hits you!!
You take 43 damage, and have 55/154 hp.
MASSIVE DAMAGE!!
You now have 2/29 mp.
You slice the deep troll!!
You kill the deep troll!
The lindwurm breathes flames at you. The blast of flame hits you!
* * * LOW HITPOINT WARNING * * *
You take 11 damage, and have 44/154 hp.
You regained 3 mp, and now have 5/29 mp.
The lindwurm completely misses you. You block the lindwurm's attack. x2
The arcanist attacks as it pursues you! You block the arcanist's attack.
The lindwurm bites you.
* * * LOW HITPOINT WARNING * * *
The lindwurm claws you but does no damage.
The lindwurm claws you.
* * * LOW HITPOINT WARNING * * *
You see here a +0 leather armour.
You take 8 damage, and have 36/154 hp.
You closely miss the vault warden. The arcanist completely misses you.
The lindwurm completely misses you. You block the lindwurm's attack.
The lindwurm claws you but does no damage.
The vault warden unwields a +0 arbalest.
The vault warden wields a +3 great sword of electrocution.
You hear the crackle of electricity.
You block the vault warden's attack.
You barely miss the vault warden. The arcanist completely misses you.
The lindwurm misses you. You block the lindwurm's attack.
The lindwurm completely misses you. The lindwurm breathes flames at you.
The blast of flame hits you!!
* * * LOW HITPOINT WARNING * * *
The vault warden hits you with a +3 great sword of electrocution!!
You die...

#.......#
#+#..)....#
..........#
..........#
#.........#
#.........#
#.......c.#
#......kpp#
#......k@.#
#.........#
#.....$...#
#.........#
#.........#
#.......).#
#.........########
#.........#.......
#.........#......
.....#


You could see a vault warden, a yaktaur captain, 2 lindwurms and an arcanist
(fast).

Vanquished Creatures
  Vashnia (Snake:3)
  A tentacled monstrosity (Swamp:4)
  Aizul (Snake:3)
  4 fenstrider witches (Swamp:4)
  4 nagarajas (Snake:4)
  A ghoul (Swamp:4)
  An orc warlord (Orc:1)
  A stone giant (D:15)
  4 eleionomae
  A bunyip (Swamp:4)
  A blizzard demon (Swamp:4)
  A fire dragon (D:15)
  Fannar (Orc:1)
  An entropy weaver (D:14)
  A vault guard (D:14)
  A salamander tyrant (Snake:1)
  A catoblepas (Lair:5)
  6 anacondas
  5 ogre magi
  16 hydras
  2 ghost crabs
  A hell beast (Swamp:4)
  A death knight (D:14)
  18 two-headed ogres
  11 alligators
  9 naga warriors
  9 centaur warriors
  5 boulder beetles
  A deep troll shaman (Lair:5)
  5 death yaks (Lair:5)
  5 tengu warriors
  3 shock serpents
  7 spriggans
  A soul eater (Swamp:4)
  14 naga sharpshooters
  An orc high priest (Orc:1)
  2 occultists (Swamp:4)
  A skyshark (Lair:4)
  Nergalle (D:11)
  3 deep trolls
  5 salamander mystics
  4 spriggan druids
  Amaemon (Lair:3)
  4 goliath frogs
  4 sea snakes (Snake:4)
  3 naga ritualists
  4 swamp dragons
  2 arcanists (Swamp:4)
  4 bog bodies
  2 lindwurms
  3 orc knights
  A harpy (shapeshifter) (D:14)
  An ironbound convoker (Vaults:1)
  6 mana vipers
  3 deep elf pyromancers
  4 manticores (D:14)
  7 orc sorcerers
  5 cyclopes
  17 ugly things
  14 salamanders
  4 elephants (Lair:5)
  5 will-o-the-wisps
  9 guardian serpents (Snake:4)
  20 naga magi
  2 vault sentinels (Vaults:1)
  15 cane toads
  3 smoke demons (Swamp:4)
  A molten gargoyle (D:14)
  A torpor snail (Lair:4)
  28 black mambas
  4 orange demons
  2 unseen horrors
  3 rime drakes
  A yaktaur (Vaults:1)
  11 komodo dragons
  3 tengu conjurers
  A freezing wraith (D:14)
  13 trolls
  3 tyrant leeches
  2 hellwings (Swamp:4)
  5 polar bears
  4 blink frogs (Lair:2)
  Grinder (D:5)
  6 hornets
  8 slime creatures
  A culicivora (shapeshifter) (D:13)
  2 shadows
  Eustachio (D:5)
  7 wyverns
  47 yaks
  2 steam dragons
  3 chaos spawn (Swamp:4)
  4 fire elementals
  21 vampire mosquitoes
  4 wargs
  Menkaure (D:7)
  41 nagas
  22 swamp worms
  2 acid dragons
  13 water moccasins
  27 orc warriors
  2 swamp drakes
  3 sky beasts (D:7)
  2 ice beasts (D:7)
  3 black bears
  21 centaurs
  20 wolves
  21 ogres
  2 phantoms
  4 kobold brigands
  17 bullfrogs
  A gnoll sergeant (D:3)
  4 scorpions
  Dowan (D:6)
  14 killer bees
  3 howler monkeys
  5 electric eels
  3 lava snakes (Lair:2)
  2 bombardier beetles
  3 gnoll boudas
  A jelly (D:5)
  20 orc priests
  Crazy Yiuf (D:4)
  8 hounds
  4 iguanas
  23 orc wizards
  3 sleepcaps
  Natasha (thrice) (D:3)
  A polar bear simulacrum (Lair:5)
  A wolf simulacrum (Lair:5)
  15 gnolls
  8 adders
  A shadow imp (D:7)
  2 white imps
  5 dart slugs
  A ribbon worm (D:4)
  68 orcs
  2 endoplasms
  3 giant cockroaches
  7 goblins
  4 hobgoblins
  10 jackals
  5 quokkas
  5 ball pythons
  4 bats
  A frilled lizard (D:3)
  26 kobolds
  5 rats
  A spectral orc (D:9)
969 creatures vanquished.

Vanquished Creatures (collateral kills)
  Rupert (Lair:5)
1 creature vanquished.

Vanquished Creatures (others)
  A naga (Snake:3)
  A water moccasin (Lair:1)
  24 foxfires
26 creatures vanquished.

Grand Total: 996 creatures vanquished

Notes
Turn   | Place    | Note
-------+----------+-------------------------------------------
     0 | D:1      | jasper the Demigod Brigand began the quest for the Orb.
     0 | D:1      | Reached XP level 1. HP: 17/17 MP: 3/3
    21 | D:1      | Reached skill level 1 in Dodging
   366 | D:1      | Reached XP level 2. HP: 24/24 MP: 4/4
  1783 | D:3      | Reached XP level 3. HP: 27/30 MP: 5/5
  1877 | D:3      | Noticed Natasha
  1891 | D:3      | Killed Natasha
  2042 | D:3      | Noticed Natasha
  2052 | D:3      | Killed Natasha
  2053 | D:3      | Reached XP level 4. HP: 33/38 MP: 6/6
  2350 | D:3      | Noticed Natasha
  2362 | D:3      | Killed Natasha
  2503 | D:3      | Noticed a gnoll sergeant
  2532 | D:3      | Killed a gnoll sergeant
  2533 | D:3      | Reached XP level 5. HP: 42/46 MP: 7/7
  2621 | D:3      | Found the +5 woodcutter's axe
  2849 | D:4      | Found a staircase to the Ecumenical Temple.
  2927 | D:4      | Reached XP level 6. HP: 47/53 MP: 8/8
  3447 | D:4      | Found a runed translucent door.
  3448 | D:4      | Noticed Crazy Yiuf
  3559 | D:4      | Killed Crazy Yiuf
  3560 | D:4      | Reached skill level 5 in Fighting
  3592 | D:5      | Entered Level 5 of the Dungeon
  3700 | D:5      | Reached skill level 5 in Dodging
  3700 | D:5      | Reached XP level 7. HP: 61/61 MP: 9/9
  3789 | D:5      | Noticed Grinder
  3791 | D:5      | Paralysed by Grinder for 5 turns
  3807 | D:5      | Killed Grinder
  4150 | D:5      | Noticed Eustachio
  4168 | D:5      | Killed Eustachio
  4169 | D:5      | Reached XP level 8. HP: 56/71 MP: 10/10
  5061 | D:6      | Found Weled's Antique Armour Boutique.
  5064 | D:6      | Found Udiczot's Assorted Antiques.
  5066 | D:6      | Noticed Duvessa
  5066 | D:6      | Noticed Dowan
  5100 | D:6      | Killed Dowan
  5195 | D:7      | Noticed a hornet
  5205 | D:7      | Killed a hornet
  5449 | D:7      | Noticed a cyclops
  5464 | D:7      | Killed a cyclops
  5465 | D:7      | Reached XP level 9. HP: 41/82 MP: 11/11
  5473 | D:7      | Identified the +10 morningstar "Ahoydu" {vamp, Fly Int+2
                  | Dex+2}
  5685 | D:7      | HP: 4/82 [something (14)]
  5708 | D:7      | HP: 6/123 [poisoned by a kobold brigand (curare-tipped
                  | dart)]
  5713 | D:7      | HP: 3/123 [poisoned by a kobold brigand (curare-tipped
                  | dart)]
  6295 | D:7      | Identified a scroll of acquirement
  6295 | D:7      | Acquired 715 gold pieces
  6706 | D:7      | Noticed Menkaure
  6712 | D:7      | Killed Menkaure
  7270 | D:8      | Reached XP level 10. HP: 72/93 MP: 13/13
  7277 | D:8      | Reached skill level 10 in Fighting
  7284 | D:8      | Reached skill level 10 in Dodging
  7284 | D:8      | Reached skill level 1 in Evocations
  7684 | D:8      | Acquired the +3 Mad Mage's Maulers {Infuse+∞ VampMP -Cast}
  7684 | D:8      | Found the +3 Mad Mage's Maulers {Infuse+∞ VampMP -Cast}
  7771 | D:8      | Noticed a two-headed ogre
  7782 | D:8      | Killed a two-headed ogre
  8078 | D:8      | Reached skill level 5 in Evocations
  8434 | D:9      | Noticed an angel
  8453 | D:9      | Reached skill level 1 in Long Blades
  9030 | D:9      | You fall into a shaft and drop 2 floors!
  9134 | D:10     | Entered Level 10 of the Dungeon
  9273 | D:9      | Found a staircase to the Orcish Mines.
  9599 | D:10     | Noticed a two-headed ogre
  9605 | D:10     | Killed a two-headed ogre
  9614 | D:10     | Reached skill level 5 in Long Blades
 10511 | D:11     | Noticed Nergalle
 10525 | D:11     | Killed Nergalle
 10526 | D:11     | Reached XP level 11. HP: 99/99 MP: 2/14
 10633 | D:11     | Found Agipeext's Weapon Shop.
 10809 | D:11     | Noticed a two-headed ogre
 10813 | D:11     | Killed a two-headed ogre
 11119 | D:11     | Found a staircase to the Lair.
 11789 | D:11     | Noticed a two-headed ogre
 11796 | D:11     | Killed a two-headed ogre
 12333 | Lair:1   | Entered Level 1 of the Lair of Beasts
 12521 | D:12     | Noticed a two-headed ogre
 12525 | D:12     | Killed a two-headed ogre
 13219 | D:12     | Noticed a tengu warrior
 13409 | D:12     | Noticed a tengu warrior
 13412 | D:12     | Killed a tengu warrior
 13772 | D:13     | Reached skill level 10 in Long Blades
 13857 | D:13     | Noticed a centaur warrior
 13861 | D:13     | Killed a centaur warrior
 14029 | D:13     | Noticed a centaur warrior
 14238 | D:13     | Noticed a tengu warrior
 14260 | D:13     | Killed a tengu warrior
 14274 | D:13     | HP: 2/99 [centaur[a centaur warrior] (5)]
 14281 | D:13     | Killed a centaur warrior
 15026 | D:13     | Noticed a boulder beetle
 15038 | D:13     | Killed a boulder beetle
 15039 | D:13     | Reached XP level 12. HP: 95/106 MP: 1/15
 17043 | Lair:1   | You fall into a shaft and drop 1 floor!
 17199 | Lair:2   | Found a staircase to the Swamp.
 17678 | Lair:1   | Identified the +7 dagger of the Peculiar Emperors {flame,
                  | rF- rC++ Int+2 Dex+4}
 19097 | Lair:2   | Reached skill level 1 in Shields
 19232 | Lair:2   | Noticed a five-headed hydra
 19241 | Lair:2   | Killed a five-headed hydra
 19833 | Lair:2   | Found a staircase to the Snake Pit.
 21301 | Lair:3   | Noticed Amaemon
 21322 | Lair:3   | Killed Amaemon
 21323 | Lair:3   | Reached skill level 5 in Shields
 21931 | Lair:4   | Reached XP level 13. HP: 113/113 MP: 4/16
 23542 | Lair:5   | Entered Level 5 of the Lair of Beasts
 23761 | Orc:1    | Entered Level 1 of the Orcish Mines
 23761 | Orc:1    | Found Diddy's Desiderata Depot.
 24094 | Orc:1    | Bought a +0 double sword for 240 gold pieces
 24094 | Orc:1    | Bought the +5 demon blade "Grim Tooth" {vamp, MP+9} for
                  | 1534 gold pieces
 24398 | Orc:1    | Noticed Fannar
 24403 | Orc:1    | Killed Fannar
 24584 | Orc:1    | Noticed an orc warlord
 24606 | Orc:1    | Killed an orc warlord
 25920 | Orc:2    | Entered Level 2 of the Orcish Mines
 25939 | Orc:1    | Reached skill level 10 in Shields
 26127 | Orc:2    | Found Taofytte's General Store.
 26144 | Orc:2    | Paralysed by an ogre mage for 4 turns
 26292 | Orc:2    | Reached XP level 14. HP: 101/121 MP: 2/17
 26450 | Orc:2    | Found Edduk's Distillery.
 26452 | Orc:2    | Found Loom's Distillery.
 26453 | Orc:2    | Bought a +0 pair of boots for 63 gold pieces
 26463 | Orc:2    | Bought 2 potions of might for 112 gold pieces
 26463 | Orc:2    | Bought a potion of haste for 140 gold pieces
 26463 | Orc:2    | Bought a potion of invisibility for 112 gold pieces
 26463 | Orc:2    | Bought a potion of curing for 42 gold pieces
 26463 | Orc:2    | Bought a potion of invisibility for 112 gold pieces
 26463 | Orc:2    | Bought a potion of might for 56 gold pieces
 26463 | Orc:2    | Bought a potion of invisibility for 112 gold pieces
 26463 | Orc:2    | Bought a potion of ambrosia for 112 gold pieces
 26465 | Orc:2    | Found Ryolao Teen's General Store.
 26666 | Orc:2    | Found a staircase to the Elven Halls.
 27996 | Lair:5   | Noticed Rupert
 28018 | Lair:5   | Killed Rupert
 29960 | Lair:5   | Found a staircase to the Slime Pits.
 31039 | D:14     | Found a gate to the Vaults.
 31116 | D:14     | Reached skill level 15 in Shields
 32010 | D:14     | Found a runed translucent gate.
 32010 | D:14     | Found a runed translucent gate.
 32010 | D:14     | Found a runed translucent gate.
 32143 | D:14     | Identified the +7 rapier of Qazlal, Stopping {spect, rF-
                  | Will- Str+8}
 32144 | D:14     | Found the +3 pair of gauntlets of War {Slay+5}
 32146 | D:14     | Noticed a sphinx
 32180 | D:14     | Found a runed translucent gate.
 32180 | D:14     | Found a runed translucent gate.
 32180 | D:14     | Found a runed translucent gate.
 32831 | D:15     | Entered Level 15 of the Dungeon
 32994 | D:14     | Reached XP level 15. HP: 126/126 MP: 2/18
 33972 | D:15     | Identified the +1 pair of boots of the Snail {Int+3 SInv}
 34451 | D:15     | Found a staircase to the Depths.
 34783 | Snake:1  | Entered Level 1 of the Snake Pit
 34791 | Snake:1  | Found Noussif's Weapon Shop.
 36607 | Snake:1  | Identified the +1 robe of Hadjma {-Cast +Blink rElec}
 39650 | Snake:3  | Noticed Vashnia
 40143 | Snake:3  | Killed Vashnia
 40875 | Snake:3  | Reached XP level 16. HP: 137/141 MP: 4/19
 41525 | Snake:4  | Entered Level 4 of the Snake Pit
 42323 | Snake:4  | Identified the serpent talisman of Greater Demons {rN++
                  | Int+6 Dex-4}
 42323 | Snake:4  | Noticed Aizul
 42368 | Snake:3  | HP: 5/144 [poisoned by Aizul (bolt of poison)]
 42672 | Snake:3  | Killed Aizul
 43827 | Snake:4  | Got a serpentine rune of Zot
 44220 | Snake:4  | Found Mar Zeoxi's Self-Improvement Boutique.
 44684 | Swamp:1  | Entered Level 1 of the Swamp
 46278 | Swamp:1  | Learned a level 2 spell: Blink
 46282 | Swamp:1  | Learned a level 3 spell: Swiftness
 48047 | Orc:1    | Bought a manual of Dodging for 1280 gold pieces
 48891 | Swamp:3  | Found a runed translucent gate.
 48891 | Swamp:3  | Found a runed translucent gate.
 48891 | Swamp:3  | Found a runed translucent gate.
 48891 | Swamp:3  | Noticed jestert79's ghost (adept DrHs)
 48892 | Swamp:3  | Noticed Lobster4's ghost (adept HuAr)
 49812 | Swamp:4  | Entered Level 4 of the Swamp
 49824 | Swamp:4  | Reached XP level 17. HP: 138/151 MP: 4/20
 51322 | Swamp:4  | Reached skill level 10 in Evocations
 51340 | Swamp:4  | Reached skill level 15 in Dodging
 51623 | Swamp:4  | Noticed a tentacled monstrosity
 51633 | Swamp:4  | Killed a tentacled monstrosity
 52848 | Swamp:4  | Got a decaying rune of Zot
 52857 | Swamp:4  | Paralysed by a fenstrider witch for 4 turns
 52868 | Swamp:4  | Paralysed by an ogre mage for 3 turns
 53804 | Elf:1    | Entered Level 1 of the Elven Halls
 53978 | Vaults:1 | Entered Level 1 of the Vaults
 54103 | Vaults:1 | HP: 1/154 [lindwurm/blast of flame (35)]
 54103 | Vaults:1 | Demolished by a vault warden

Illustrated notes

Levels and vault maps discovered:
D:1:      erik_arrival_blinker_ship, layout_basic
D:2:      layout_basic
D:3:      layout_loops_ring, pf_guarded_unrand_woodcutter, uniq_natasha
D:4:      layout_loops_ring, nicolae_ru_the_path_less_chosen,
          evilmike_ruin_ashenzari, minmay_temple_entry_glassed_door,
          uniq_crazy_yiuf_cottage
D:5:      layout_basic, nicolae_concentric_dashed_squares_wild, uniq_eustachio,
          uniq_grinder
D:6:      layout_layer_cave, nicolae_wooded_promenade, uniq_duvessa
D:7:      nzn_winding_woodlands_cross [nzn_winding_woodlands_5x15_parted,
          nzn_winding_woodlands_5x15_sawtooth,
          nzn_winding_woodlands_5x15_split_checker,
          nzn_winding_woodlands_5x15_crooked,
          nzn_winding_woodlands_15x15_eel_pit], layout_gridville,
          hellmonk_okawaru_the_only_friend_you_need, grunt_temple_overflow_open,
          uniq_menkaure
D:8:      layout_rooms, grunt_ministairs_5, minmay_holes
D:9:      layout_rooms, grunt_temple_overflow_order_and_chaos_1,
          nicolae_hepliaklqana_monster_ancestors, david_orc_3
D:10:     layout_rooms, nemelex_spade_bored_becter, mainiacjoe_overflow_alcove_2
D:11:     layout_layer_cave, erik_lair_orcish_takeover, serial_shops,
          nicolae_shop_tiny_statue_garden, uniq_nergalle
D:12:     lemuel_ice_statue, layout_stronghold, grunt_tough_drop
D:13:     layout_loops_corners
D:14:     kennysheep_treasure_stockpile, layout_cave_pods,
          hellmonk_vaults_order_and_chaos, minmay_curled_crystal
D:15:     grunt_enter_depths_snipers, layout_cross, xom_redecorated
Lair:1:   layout_chaotic_city, lemuel_old_faithful, grunt_megastairs_2
Lair:2:   layout_gridlike, swamp_mist_pool, nicolae_snake_entry_warm_welcome,
          basic_altar, lemuel_fruit_fields, lemuel_fruit_tree
Lair:3:   layout_gridlike, uniq_amaemon
Lair:4:   layout_hall_layers
Lair:5:   grunt_lair_end_beastmaster, layout_loops_ring, slime_entry_1,
          portal_ice_cave_entry_ice_simulacra, minmay_lair_oklob_bushes,
          grunt_megastairs_5, infiniplex_staircase_pool, uniq_rupert
Swamp:1:  layout_basic_swamp, serial_swamp_ruin, evilmike_swamp_ruin_house_1,
          evilmike_swamp_ruin_rubble_1, evilmike_swamp_ruin_house_3,
          swamp_pool_1_2
Swamp:2:  layout_basic_swamp, basic_altar
Swamp:3:  layout_basic_swamp, gammafunk_ghost_cemetery,
          evilmike_swamp_ruin_house_5, swamp_pool_1_2
Swamp:4:  nzn_swamp_witches_coven, layout_basic_swamp
Snake:1:  layout_rooms, serial_shops, shop, basic_altar,
          nicolae_snake_salamander_fort
Snake:2:  layout_misc_corridors, nicolae_integral_box
Snake:3:  kennysheep_six_static_rooms, layout_layer_cave,
          serial_library_hellmonk_room_b, guppyfry_library_mini,
          serial_bayou_shore_b, uniq_vashnia
Snake:4:  johnstein_snake_rune_scales, layout_misc_corridors,
          nicolae_shop_self_help, serial_bayou_shore_a, grunt_megastairs_4,
          uniq_aizul
Orc:1:    orc_temple, layout_diamond_mine, nicolae_alphabet_shops, uniq_fannar
Orc:2:    st_orc_open, layout_diamond_mine, basic_altar
Elf:1:    nicolae_elf_arrival_fired_up, layout_geoelf_diagonals, serial_shops,
          nicolae_shop_tiny_statue_garden, nicolae_elf_shapeshifter_party
Vaults:1: mu_enter_wizlab_2, hangedman_vaults_corner, v_misc_3, v_rooms_5,
          nicolae_vaults_storage_closets_2, vaults_room_pools,
          vaults_room_corners, nicolae_vaults_stepped_doors,
          vaults_room_ringed_pool, layout_vaults_big_room

Skill      XL: |  1  2  3  4  5  6  7  8  9 10 11 12 13 14 15 16 17 |
---------------+----------------------------------------------------+-----
Dodging        | 1 2 3 4 5 6 8 9 10 11 14 16 | 16.1
Fighting       | 2 3 4 5 6 8 9 10 12 13 14 | 14.5
Evocations     | 5 7 9 10 | 10.4
Long Blades    | 6 11 13 | 13.9
Shields        | 5 12 16 | 16.0
Stealth        | 4 |  4.6
Short Blades   | |  1.7
Throwing       | |  1.7

Action                     |  1- 3 |  4- 6 |  7- 9 | 10-12 | 13-15 | 16-18 || total
---------------------------+-------+-------+-------+-------+-------+-------++-------
  Melee: Dagger            |    91 |    62 |       |       |       |       ||   153
         Punch             |     1 |       |       |       |       |       ||     1
         Battleaxe         |       |    80 |   292 |   363 |       |       ||   735
         Long sword        |       |       |       |   261 |   117 |       ||   378
         Rapier            |       |       |       |     2 |    43 |    44 ||    89
         Demon blade       |       |       |       |       |   843 |   633 ||  1476
  Throw: Dart              |    24 |    26 |     9 |    44 |    28 |    54 ||   185
  Evoke: Wand              |       |       |     6 |     2 |     1 |       ||     9
         Sack of spiders   |       |       |       |       |     1 |     1 ||     2
         Lightning rod     |       |       |       |       |     4 |     4 ||     8
    Use: Scroll            |    10 |       |    12 |     7 |     8 |     2 ||    39
         Potion            |       |       |     6 |     6 |     1 |     7 ||    20
   Stab: Sleeping          |       |     3 |     1 |     9 |     8 |     5 ||    26
         Invisible         |       |       |     2 |       |       |       ||     2
         Distracted        |       |       |       |     1 |     3 |     1 ||     5
         Petrified         |       |       |       |       |     6 |       ||     6
         Petrifying        |       |       |       |       |     5 |       ||     5
 Armour: Scale mail        |    62 |    82 |   170 |    28 |       |       ||   342
         Robe              |     7 |       |       |       |       |       ||     7
         Ring mail         |       |       |       |   289 |   315 |   305 ||   909
         Troll leather arm |       |       |       |       |    25 |       ||    25
  Dodge: Dodged            |    38 |    52 |   150 |   520 |   444 |   389 ||  1593
  Block: Other             |     2 |    27 |    51 |   102 |       |       ||   182
         Reflection        |       |       |     1 |    14 |   111 |    61 ||   187
         Buckler           |       |       |       |   135 |       |       ||   135
         Kite shield       |       |       |       |    18 |  1191 |   776 ||  1985

Table legend: (Time is in decaauts)
 A = Elapsed time spent in this place.
 B = Non-inter-level travel time spent in this place.
 C = Inter-level travel time spent in this place.
 D = Time resting spent in this place.
 E = Time spent auto-exploring this place.
 F = Levels seen in this place.
 G = Mean time per level.
                   A        B        C        D        E       F      G
               +--------+--------+--------+--------+--------+-----+--------+
         Total |  53942 |  51666 |   2276 |   5296 |  39497 |  32 | 1685.7 |
       Dungeon |  20590 |  19445 |   1145 |   2204 |  14232 |  15 | 1372.7 |
          Lair |  11203 |  10700 |    503 |    711 |   8716 |   5 | 2240.6 |
         Swamp |   8727 |   8494 |    233 |   1316 |   6205 |   4 | 2181.8 |
     Snake Pit |   9766 |   9621 |    145 |    928 |   7616 |   4 | 2441.5 |
  Orcish Mines |   3537 |   3289 |    248 |    135 |   2661 |   2 | 1768.5 |
   Elven Halls |      1 |      1 |      0 |      0 |      0 |   1 |    1.0 |
        Vaults |    115 |    115 |      0 |      0 |     66 |   1 |  115.0 |
               +--------+--------+--------+--------+--------+-----+--------+

Top non-repeatable levels by time:
 Swamp:4: 3697 daAuts
 Snake:3: 3576 daAuts
  Lair:5: 3108 daAuts
    D:14: 2778 daAuts
 Snake:4: 2622 daAuts
  Lair:1: 2474 daAuts
  Lair:2: 2413 daAuts
    D:11: 2323 daAuts
   Orc:1: 2269 daAuts
     D:7: 2187 daAuts
 Snake:1: 2078 daAuts
 Swamp:3: 1927 daAuts
  Lair:4: 1854 daAuts
    D:12: 1853 daAuts
    D:13: 1783 daAuts
